[Event "*** SCC Grand Prix: Titled Tuesday Blitz"]
[Site "Chess.com"]
[Date "2020.06.09"]
[Round "10"]
[White "Witik"]
[Black "2346PL"]
[Result "1-0"]
[WhiteElo "2579"]
[BlackElo "2421"]
[TimeControl "180+1"]
[EndTime "10:58:19 PDT"]
[Termination "Witik won by resignation"]

1. d4 f5 2. g3 Nf6 3. Bg2 g6 4. c3 Bg7 5. Qb3 c6 6. Nd2 e6 7. Nh3 O-O 8. Nf4 g5 9. Nd3 d6 10. h4 g4 11. e4 d5 12. exf5 exf5 13. O-O Ne4 14. Nxe4 fxe4 15. Bxe4 Nd7 16. Bg2 b6 17. Nf4 Nf6 18. Re1 Qd6 19. c4 Rd8 20. cxd5 cxd5 21. Nxd5 Nxd5 22. Bxd5+ Qxd5 23. Re8+ Rxe8 24. Qxd5+ Be6 25.
Qg5 Rad8 26. Be3 Rd5 27. Qf4 h5 28. Rc1 Kh7 29. Rc7 Rd7 30. Rxd7 Bxd7 31. Qc7 Bf5 32.
d5 Kg6 33. Kf1 Bf6 34. Ke1 Rc8 35. Qxa7 b5 36. d6 Rd8 37. Bf4 b4 38. Qc7 Rd7 39. Qc5 Bxb2 40. Qxb4 Bf6 41. Qc5 Rb7 42. a4 Bd3 43. Kd2 Bf5 44. Be5 Bd8 45. a5 Bd7 46. a6 Rb5 47. Qc3 Ba5 48. a7 Bxc3+ 49. Bxc3 Ra5 50.
Bxa5 Bc6 51. d7 Bxd7 52. a8=Q Bc6 53. Qa7 1-0

[Event "*** SCC Grand Prix: Titled Tuesday Blitz"]
[Site "Chess.com"]
[Date "2020.06.09"]
[Round "10"]
[White "novocane"]
[Black "mattcolins2025"]
[Result "0-1"]
[WhiteElo "2207"]
[BlackElo "2386"]
[TimeControl "180+1"]
[EndTime "10:58:21 PDT"]
[Termination "mattcolins2025 won by resignation"]

1. d4 Nf6 2. c4 g6 3. Nc3 d6 4. e4 Bg7 5. f3 O-O 6. Bg5 c5 7. d5 h6 8. Be3 e6 9. Qd2 exd5 10. cxd5 Kh7 11. h4 a6 12. h5 g5 13. g4 b5 14.
Nge2 Nbd7 15. Ng3 Ne5 16. Be2 b4 17. Nd1 a5 18. O-O Ba6 19. Bxa6 Rxa6 20. Nf5 Rg8 21. Kh1 Ra8 22. b3 a4 23. Nb2 axb3 24. axb3 Ra3 25.
Rxa3 bxa3 26. Nc4 Nxc4 27. bxc4 Nd7 28. Nxd6 Ne5 29. Bxc5 Qf6 30. Bxa3 Nxg4 31. Nf5 Ne5 32. Bb2 g4 33. f4 Nxc4 34. Bxf6 Nxd2 35. Rd1 Nxe4 36.
Bxg7 Nf2+ 37. Kg2 Nxd1 38. Bxh6 Nc3 39. d6 Ne4 40. Ne7 Rd8 41. Nf5 Nxd6 42. Nxd6 Rxd6 43. Bg5 f6 44. Bh4 Kh6 45. f5 Kxh5 46. Bg3 Ra6 47.
Be1 Kg5 48. Bg3 Kxf5 49. Bh4 Ke4 50. Kg3 f5 51. Bg5 Ra3+ 52. Kg2 f4 0-1

[Event "*** SCC Grand Prix: Titled Tuesday Blitz"]
[Site "Chess.com"]
[Date "2020.06.09"]
[Round "10"]
[White "Panterov"]
[Black "diablanni"]
[Result "0-1"]
[WhiteElo "2164"]
[BlackElo "2337"]
[TimeControl "180+1"]
[EndTime "10:58:21 PDT"]
[Termination "diablanni won by resignation"]

1. e4 c5 2. b3 d6 3. Bb2 Nf6 4.
Nc3 g6 5. Nd5 Bg7 6. Nxf6+ exf6 7. Nf3 O-O 8. Bd3 Nd7 9. O-O Ne5 10. Nxe5 fxe5 11. Bc4 Bh6 12. d3 Kg7 13. Bc1 Qh4 14. Bxh6+ Qxh6 15. f4 exf4 16. Qd2 g5 17. Rae1 Bd7 18. e5 Rae8 19. Qa5 Bc6 20. Bb5 dxe5 21. a4 Bd5 22. Qxa7 Qd6 23. Bxe8 Rxe8 24. a5 Re7 25.
Qb6 Qxb6 26. axb6 f5 27. c4 Bc6 28. b4 cxb4 29. d4 Be4 30. d5 Rd7 31. Rb1 Bxb1 32. Rxb1 e4 33. Rxb4 Kf6 34. Kf2 Ke5 35. Rb5 Kd4 36. Rb4 Kc5 37. Ra4 Kxb6 38. Ra8 Kc5 39. Rc8+ Kd4 40. Ke2 g4 41. Rf8 f3+ 42. Kf2 fxg2 43.
Rxf5 e3+ 44. Kxg2 e2 45. Kf2 Re7 46. Ke1 Kxc4 47. d6 Re6 48. d7 Rd6 49. Rf4+ Kd3 50. Rxg4 Rxd7 51. Rg3+ Kc4 52. Kxe2 b5 53. Rg4+ Kb3 54.
Rg3+ Ka4 55. Rg8 b4 56. Ra8+ Kb3 57. Ke3 Kc3 58. Rc8+ Kb2 59. Rd8 Rxd8 0-1

[Event "*** SCC Grand Prix: Titled Tuesday Blitz"]
[Site "Chess.com"]
[Date "2020.06.09"]
[Round "10"]
[White "Roman_Ovetchkin"]
[Black "amiralfio"]
[Result "0-1"]
[WhiteElo "2550"]
[BlackElo "2384"]
[TimeControl "180+1"]
[EndTime "10:58:22 PDT"]
[Termination "amiralfio won on time"]

1. d4 d5 2. c4 c6 3. Nf3 Nf6 4. Qc2 g6 5. Bf4 Bg7 6. e3 O-O 7. Nc3 c5 8. dxc5 Qa5 9. Qa4 Qxc5 10. Qb5 Qxb5 11. Nxb5 Na6 12. O-O-O Bf5 13. Nfd4 Bd7 14. Nc3 Rac8 15. f3 dxc4 16. e4 Rfd8 17. Be3 Nb4 18. a3 Na6 19. Ndb5 Nc5 20. Nxa7 Nb3+ 21.
Kc2 Ra8 22. Bxc4 Na5 23. Ba2 h5 24. Bb6 Re8 25. b4 Nc6 26. Nab5 Be6 27. Bxe6 fxe6 28. Nc7 Rxa3 29. Nxe8 Nxe8 30. Rd3 Nxb4+ 31. Kb2 Ra6 32. Rd8 Rxb6 33. Rxe8+ Kf7 34. Rc8 Nd5+ 35. Kc2 Nxc3 36. Rxc3 Bxc3 37. Kxc3 Rc6+ 38. Kd3 Rb6 39. Kc3 Rc6+ 40.
Kb3 Rc8 41. Rd1 e5 42. Rd7 Rb8 43. Kb4 Ke6 44. Rd5 Ra8 45. Rd2 Ra1 46. Kb5 Rh1 47.
h3 g5 48. Kb6 Rb1+ 49. Kc7 Kf6 50. Kd7 b5 0-1

[Event "*** SCC Grand Prix: Titled Tuesday Blitz"]
[Site "Chess.com"]
[Date "2020.06.09"]
[Round "10"]
[White "GigaQuparadze"]
[Black "BogdanBelyakov89"]
[Result "1-0"]
[WhiteElo "2832"]
[BlackElo "2650"]
[TimeControl "180+1"]
[EndTime "10:58:23 PDT"]
[Termination "GigaQuparadze won by resignation"]

1. e4 e5 2. f4 d5 3. exd5 exf4 4. d4 Qh4+ 5. Ke2 Bg4+ 6. Nf3 Bd6 7. c4 Nf6 8. Qe1 Qxe1+ 9. Kxe1 O-O 10. c5 Re8+ 11.
Kd1 Bf8 12. Nc3 Na6 13. Bxa6 bxa6 14. Bxf4 Rac8 15. Re1 Red8 16. Bg5 Rb8 17. Bxf6 gxf6 18. b3 Rb4 19. Kc2 Bxf3 20. gxf3 Rxd4 21. Rg1+ Kh8 22. d6 cxd6 23. c6 Rc8 24. Rad1 Rxd1 25.
Rxd1 Rxc6 26. Kd3 f5 27. Nd5 Bg7 28. Re1 h5 29. Re7 Rc5 30. Ne3 Rc3+ 31. Kd2 f4 32. Nf5 Rxf3 33. Nxd6 Rf2+ 34. Re2 Rf3 35. Nxf7+ Kg8 36.
Ng5 Rf1 37. Re8+ Bf8 38. Ra8 f3 39. Ne6 f2 40. Rxf8+ Kh7 41. Ng5+ Kg6 42. Nh3 Ra1 43. Rxf2 Rxa2+ 44. Kc3 Ra1 45. Nf4+ Kg5 46. Ne6+ Kg4 47.
Rg2+ Kh3 48. Nf4+ Kh4 49. Rg7 a5 50. Rxa7 Rf1 51. Nxh5 Kxh5 52. Rxa5+ Kg6 53. Re5 Kf6 54. Re2 Rc1+ 55. Kd4 Rd1+ 56. Kc4 Rc1+ 57. Kb5 Rc8 58. b4 Rb8+ 59. Kc4 Rc8+ 60. Kb3 Rb8 61. h4 Kg6 62. Re5 Kh6 63. h5 Kg7 64. b5 Kf6 65.
Rc5 Ke6 66. Kb4 Kd6 67. Rc6+ Kd7 68. h6 Ra8 69. Rc2 Ra1 70. Rh2 Ra8 71. h7 Rh8 72. Kc5 Kc7 73. Rh6 Kb7 74. Kd5 Kc7 75. Ke5 1-0

[Event "*** SCC Grand Prix: Titled Tuesday Blitz"]
[Site "Chess.com"]
[Date "2020.06.09"]
[Round "10"]
[White "2L8IWUN"]
[Black "Matibar"]
[Result "1-0"]
[WhiteElo "2574"]
[BlackElo "2700"]
[TimeControl "180+1"]
[EndTime "10:58:23 PDT"]
[Termination "2L8IWUN won on time"]

1. e4 c6 2. d4 d5 3. exd5 cxd5 4. Bd3 Nc6 5. c3 Qc7 6. Ne2 e5 7. dxe5 Nxe5 8. Bb5+ Bd7 9. Bxd7+ Qxd7 10. O-O Nf6 11.
h3 Bc5 12. Bf4 Ng6 13. Bh2 O-O 14. Nd2 Nh4 15. Nb3 Bb6 16. Ned4 Rae8 17. Nf3 Nxf3+ 18. Qxf3 Ne4 19. Rad1 Qa4 20. Rxd5 Qxa2 21. c4 Qxb2 22. c5 Bd8 23. Bd6 Nxd6 24. cxd6 Qf6 25. Qd3 Bb6 26. d7 Rd8 27. Qd2 g6 28. Rd1 Qe6 29. Nc5 Qc6 30. Ne4 Rxd7 31. Rxd7 Qxe4 32. Qd5 Qxd5 33. R1xd5 Rb8 34. Re7 Kg7 35. Rdd7 Rf8 36. Rxb7 Kf6 37. Red7 h5 38. g3 Ke6 39. Kg2 Kf6 40. h4 Ke6 41. Kf3 Kf6 42. Rd6+ Ke5 43. Rc6 Kf5 44.
Re7 f6 45. Ree6 g5 46. hxg5 fxg5 47. Kg2 g4 48. Rh6 Ke4 49. Rcf6 Rxf6 50. Rxf6 Bc5 51. Rh6 a5 52. Rxh5 Kd4 53. Rg5 Bb4 54. Rxg4+ Kc3 55. Rg8 a4 56. Ra8 a3 57. g4 Kb2 58. f4 a2 59.
Rxa2+ Kxa2 60. Kf3 Kb3 61. Ke4 Kc4 62. f5 Bc3 63. g5 Kc5 64. f6 Kd6 65. Kf5 Kd7 66. Kg6 Ke8 67. Kg7 Bd4 68. Kg8 Bxf6 69. gxf6 Kd7 70. f7 1-0

[Event "*** SCC Grand Prix: Titled Tuesday Blitz"]
[Site "Chess.com"]
[Date "2020.06.09"]
[Round "10"]
[White "pedro_gines"]
[Black "olksuna"]
[Result "1-0"]
[WhiteElo "2484"]
[BlackElo "2609"]
[TimeControl "180+1"]
[EndTime "10:58:24 PDT"]
[Termination "pedro_gines won by resignation"]

1. Nf3 Nf6 2. b3 g6 3. Bb2 Bg7 4. c4 O-O 5. g3 c5 6. Bg2 d5 7.
cxd5 Qxd5 8. Nc3 Qd6 9. O-O Nc6 10. Rc1 b6 11. d4 Bb7 12. Nb5 Qd8 13. dxc5 bxc5 14.
Ne5 Qb6 15. Na3 Nxe5 16. Bxe5 Bxg2 17. Kxg2 Rfd8 18. Qc2 Qa6 19. Nc4 Nd5 20. Bxg7 Kxg7 21. Rfd1 Nb4 22. Qc3+ Qf6 23. Qxf6+ Kxf6 24. a3 Rxd1 25.
Rxd1 Nc2 26. e3 Rb8 27. Rc1 Nxa3 28. Nxa3 Rxb3 29. Nc4 Ke6 30. e4 Kd7 31. Ra1 Rb7 32. Ra6 f6 33. e5 fxe5 34. Nxe5+ Ke8 35. Rc6 Kf8 36. Rxc5 Kg7 37. Ra5 Kf6 38. Nc6 Rb2 39. Rxa7 e5 40. Ra6 e4 41. Ra3 Rc2 42. Nd4 Rd2 43. Nb5 Ke5 44. Re3 Rd3 45. Nc3 Kd4 46. Ne2+ Ke5 47. Nf4 Rd2 48. h4 Kf6 49. Rxe4 h6 50.
Re6+ Kf5 51. Rxg6 h5 52. Rg5+ Ke4 53. Rxh5 Rc2 54. Rg5 Rd2 55. h5 Rc2 56. h6 Rc8 57.
h7 Rc2 58. Rh5 Rxf2+ 59. Kxf2 1-0

[Event "*** SCC Grand Prix: Titled Tuesday Blitz"]
[Site "Chess.com"]
[Date "2020.06.09"]
[Round "10"]
[White "Oligan22"]
[Black "Nikolaj_6"]
[Result "0-1"]
[WhiteElo "2414"]
[BlackElo "2573"]
[TimeControl "180+1"]
[EndTime "10:58:24 PDT"]
[Termination "Nikolaj_6 won by resignation"]

1. e4 c5 2. Nf3 d6 3. d4 cxd4 4.
Nxd4 Nf6 5. Nc3 a6 6. Be3 e5 7. Nb3 Be6 8. h3 h5 9. Nd5 Nbd7 10. Qf3 Bxd5 11. exd5 Rc8 12. O-O-O Nb6 13. Bxb6 Qxb6 14. Kb1 Be7 15. Bd3 h4 16. g4 hxg3 17. fxg3 Qb4 18. c3 Qa4 19. Qf5 Qd7 20. g4 Qxf5 21. Bxf5 Rc7 22.
Na5 g6 23. Bc2 Nd7 24. c4 Nb8 25. Bd3 b6 26. Nb3 a5 27. Nd2 Na6 28. a3 Nc5 29.
Ne4 Nxe4 30. Bxe4 Rxc4 31. Bd3 Rc5 32. Be4 Kf8 33. Rc1 Bg5 34. Rc2 Ke7 35. b4 axb4 36.
axb4 Rb5 37. Rc7+ Kf6 38. Rf1+ Bf4 39. Rc4 Rxh3 40. Kc2 Re3 41. Bf3 Kg5 42. Rc6 Rxb4 43. Rxd6 e4 44. Rd7 exf3 45. Rxf7 Rc4+ 46. Kb2 Re2+ 47.
Kb3 Rce4 48. Rxf3 R4e3+ 49. Rxe3 Rxe3+ 50. Kc4 Kxg4 51. Rf6 g5 52. Rxb6 Re4+ 53. Kd3 Re1 54. Rg6 Kf3 55. Kd4 Rd1+ 56. Kc5 g4 57. d6 Rxd6 58.
Rxd6 Bxd6+ 59. Kxd6 g3 0-1

[Event "*** SCC Grand Prix: Titled Tuesday Blitz"]
[Site "Chess.com"]
[Date "2020.06.09"]
[Round "10"]
[White "Siniauski"]
[Black "Lovinski"]
[Result "1-0"]
[WhiteElo "2504"]
[BlackElo "2355"]
[TimeControl "180+1"]
[EndTime "10:58:25 PDT"]
[Termination "Siniauski won by resignation"]

1. e4 e5 2. Nf3 Nc6 3. Bc4 Nf6 4. d3 Be7 5. O-O O-O 6. c3 d6 7. Re1 Na5 8. Bb3 Nxb3 9. axb3 Re8 10. b4 h6 11.
Nbd2 Be6 12. Nf1 Bf8 13. Ng3 g6 14. h3 Bg7 15. Be3 a6 16. Qd2 Kh7 17. Rf1 d5 18.
Nxe5 dxe4 19. dxe4 Qxd2 20. Bxd2 Nxe4 21. Nxe4 Bxe5 22. Be3 b6 23. Rfd1 f5 24. Nd2 f4 25.
Nf3 fxe3 26. Nxe5 exf2+ 27. Kxf2 Rf8+ 28. Kg1 Rf5 29. Nf3 Bd5 30. Nd4 Re5 31. Re1 Rae8 32. Rxe5 Rxe5 33. Rxa6 c5 34. bxc5 bxc5 35. Nf3 Re2 36.
Rb6 c4 37. Rb5 Be4 38. Kf1 Bd3 39. Rb7+ Kg8 40. Kg1 g5 41. Nd4 Rxg2+ 42. Kxg2 Be4+ 43. Kg3 Bxb7 44. Nf5 Kh7 45. Ne3 Ba6 46. Nd5 Kg6 47.
Kg4 h5+ 48. Kg3 h4+ 49. Kh2 Kf5 50. Nb4 Bb7 51. Nc2 Kf4 52. Nd4 Bd5 53. Nb5 Ke3 54. Nc7 Bf7 55. Nb5 Kd2 56. Nd6 Bg6 57. Nxc4+ Kc2 58. Ne5 Be8 59. c4 Kxb2 60. c5 Kc3 61. c6 Bg6 62. Nxg6 Kc4 63. c7 Kd5 64. c8=Q 1-0

[Event "*** SCC Grand Prix: Titled Tuesday Blitz"]
[Site "Chess.com"]
[Date "2020.06.09"]
[Round "10"]
[White "maciejos95"]
[Black "VladimirBugayev"]
[Result "1-0"]
[WhiteElo "2465"]
[BlackElo "2267"]
[TimeControl "180+1"]
[EndTime "10:58:25 PDT"]
[Termination "maciejos95 won by resignation"]

1. e4 c6 2. d4 d5 3. Nc3 dxe4 4. Nxe4 Bf5 5. Ng3 Bg6 6. h4 h6 7. Nf3 Nd7 8. h5 Bh7 9. Bd3 Bxd3 10. Qxd3 e6 11.
Bd2 Ngf6 12. O-O-O Be7 13. Ne4 Nxe4 14. Qxe4 Nf6 15.
Qd3 Qd5 16. c4 Qe4 17. Qb3 b5 18. cxb5 O-O 19. Rhe1 Qf5 20. Re5 Qg4 21. bxc6 Rfc8 22. Kb1 Rab8 23. Rb5 Rxb5 24. Qxb5 Qe4+ 25. Ka1 Rxc6 26.
Ne5 Rb6 27. Qc4 Rb8 28. Nc6 Re8 29. Nxa7 Qxg2 30. Qc6 Qxc6 31. Nxc6 Bd6 32. b4 Nd5 33. b5 Bc7 34. a4 Ra8 35. a5 Bxa5 36. Bxa5 Nb4 37.
Nxb4 Rxa5+ 38. Na2 Rxb5 39. Rh1 Rf5 40. Rh2 Rf4 41. d5 exd5 42. Nc3 Rd4 43. Kb2 Rd2+ 44. Kb3 d4 45. Ne4 Re2 46. Nc5 Re5 47. Kc4 Kh7 48. Kxd4 Rf5 49. Ne4 g6 50. hxg6+ fxg6 51. Ke3 g5 52. Ng3 Ra5 53. Kf3 Kg6 54. Rh1 Ra3+ 55. Kg2 Ra2 56. Rb1 Ra6 57. Rd1 h5 58. Ne4 h4 59. Rd6+ Kf5 60. Rxa6 Kxe4 61. Ra5 Kf4 62. Ra4+ Kf5 63. Kh3 1-0

[Event "*** SCC Grand Prix: Titled Tuesday Blitz"]
[Site "Chess.com"]
[Date "2020.06.09"]
[Round "10"]
[White "szefru"]
[Black "snap_man"]
[Result "0-1"]
[WhiteElo "2131"]
[BlackElo "2280"]
[TimeControl "180+1"]
[EndTime "10:58:25 PDT"]
[Termination "snap_man won by resignation"]

1. e4 c6 2. f4 d5 3. e5 c5 4. Nf3 Nc6 5. b3 Nh6 6. Bb2 e6 7. Nc3 Nf5 8. Bd3 Nh4 9. O-O Be7 10.
Ne2 Nb4 11. Bb5+ Bd7 12. Bxd7+ Qxd7 13. Ng3 d4 14. Ne4 Nxf3+ 15. Qxf3 Nxc2 16. g4 Nxa1 17. Bxa1 O-O-O 18. Rc1 Kb8 19. Nxc5 Bxc5 20. Rxc5 Rc8 21. Rxc8+ Rxc8 22. Bb2 Qe7 23. Bxd4 Rc1+ 24. Kg2 Qa3 25. Qd3 Qxa2 26. Bc3 Kc8 27. Qc4+ Kd7 28. Qb5+ Kd8 29. Qd3+ Kc8 30. Qc4+ Kb8 31. Qd4 Rxc3 32. Qxc3 Qa6 33. Qd4 Qc6+ 34. Kg3 a6 35. h4 Qc7 36. h5 h6 37. g5 Qe7 38. Kg4 Qc7 39. f5 exf5+ 40. Kxf5 Qc8+ 41. Kf4 hxg5+ 42. Kxg5 Qe6 43. Qd8+ Ka7 44.
Qd4+ b6 45. d3 Kb7 46. Qe4+ Kc7 47. d4 Qh6+ 48. Kg4 Qe6+ 49. Qf5 Qd5 50. h6 Qxd4+ 51. Kh5 Qd1+ 52. Kg5 Qd2+ 53. Kh5 g6+ 54. Kg4 gxf5+ 55. Kxf5 Qxh6 56. e6 0-1

[Event "*** SCC Grand Prix: Titled Tuesday Blitz"]
[Site "Chess.com"]
[Date "2020.06.09"]
[Round "10"]
[White "SergeyKarjakin"]
[Black "kuban1991"]
[Result "1/2-1/2"]
[WhiteElo "2957"]
[BlackElo "2793"]
[TimeControl "180+1"]
[EndTime "10:58:26 PDT"]
[Termination "Game drawn - insufficient material"]

1. e4 e6 2. d3 d5 3. Nd2 Nf6 4.
Ngf3 Be7 5. g3 b6 6. Bg2 Bb7 7.
e5 Nfd7 8. O-O c5 9. Re1 Nc6 10. Nf1 Qc7 11. Bf4 h6 12. h4 O-O-O 13. Ne3 g5 14.
hxg5 hxg5 15. Nxg5 Bxg5 16. Bxg5 Rdg8 17. Bf4 Ndxe5 18. c3 d4 19. Nc4 f6 20. cxd4 Nxd4 21. Nxe5 Bxg2 22. Kxg2 Qb7+ 23. Re4 f5 24. f3 fxe4 25.
dxe4 Qh7 26. Qh1 Qxh1+ 27. Rxh1 Rxh1 28. Kxh1 Ne2 29. Kh2 b5 30. Ng4 Nxf4 31. gxf4 c4 32.
Kg3 b4 33. Kf2 Kb7 34. Ke3 Rd8 35. Ke2 c3 36. bxc3 bxc3 37. Ne3 Rd2+ 38. Ke1 Rd3 39. Ke2 Rd2+ 40. Ke1 Kc6 41. f5 exf5 42. exf5 Kd7 43.
Nc4 Rxa2 44. Kd1 Ke7 45. Ne3 Kf6 46. Nd5+ Kxf5 47. Nxc3 Rf2 48. Kc1 Rxf3 49. Nb5 a6 50. Nd4+ Ke4 51. Nxf3 Kxf3 52. Kb2 Ke4 53. Ka3 Kd5 54.
Kb4 Kd4 55. Ka5 Kd3 56. Kxa6 1/2-1/2

[Event "*** SCC Grand Prix: Titled Tuesday Blitz"]
[Site "Chess.com"]
[Date "2020.06.09"]
[Round "10"]
[White "PlayChessSimple"]
[Black "mbojan"]
[Result "0-1"]
[WhiteElo "2518"]
[BlackElo "2644"]
[TimeControl "180+1"]
[EndTime "10:58:26 PDT"]
[Termination "mbojan won on time"]

1. e4 c5 2. Nf3 Nc6 3. c3 Nf6 4. e5 Nd5 5. Bc4 Nb6 6. Bb3 c4 7. Bc2 d6 8. exd6 e5 9. O-O Bxd6 10. b3 O-O 11. Na3 Be6 12. bxc4 Nxc4 13. Nxc4 Bxc4 14. d3 Bd5 15. Ng5 Be7 16. Ne4 Kh8 17. f4 Bxe4 18. dxe4 Qxd1 19. Rxd1 exf4 20. Bxf4 Bf6 21. Rd7 Bxc3 22.
Rf1 Bd4+ 23. Kh1 Be5 24. Be3 f6 25. Rxb7 Nd4 26. Bxd4 Bxd4 27. Rd1 Rfd8 28. g3 Bb6 29. Rdd7 Rxd7 30. Rxd7 Rc8 31. Bb3 h5 32. Kg2 Kh7 33.
Kf3 Rc3+ 34. Kf4 Kh6 35. Kf5 Rf3+ 36. Ke6 Rf2 37. h4 Rf3 38. Rd5 Rxg3 39. Bd1 g6 40. Kxf6 Rg1 41. e5 Bf2 42. e6 Bxh4+ 43. Kf7 Rf1+ 44.
Kg8 Re1 45. Bb3 Rxe6 46. Rxh5+ gxh5 47. Bxe6 Bf2 48. Kf7 Kg5 49. Bh3 Kh4 50. Bd7 Kg3 51. Ke6 h4 52. Kf5 h3 53. Kg5 Bb6 54. Bc6 h2 0-1

[Event "*** SCC Grand Prix: Titled Tuesday Blitz"]
[Site "Chess.com"]
[Date "2020.06.09"]
[Round "10"]
[White "ljuks68"]
[Black "Smile2005"]
[Result "1-0"]
[WhiteElo "2366"]
[BlackElo "2499"]
[TimeControl "180+1"]
[EndTime "10:58:27 PDT"]
[Termination "ljuks68 won on time"]

1. e4 d5 2. exd5 Nf6 3. d4 Nxd5 4. c4 Nb6 5. Nf3 Bg4 6. c5 N6d7 7. Qb3 Nc6 8. Be3 e6 9. Be2 Rb8 10. Nc3 Be7 11.
O-O-O O-O 12. d5 exd5 13. Nxd5 Bxc5 14. Bxc5 Nxc5 15. Qa3 Bxf3 16. Bxf3 Qg5+ 17. Kb1 Ne6 18. Ka1 Ncd4 19. Qc3 c6 20. h4 Qd8 21. Ne3 Qb6 22. Be4 Rbd8 23. Bb1 Qc5 24. Qd3 g6 25. Rc1 Qe7 26. Qc3 Nb5 27. Qe5 Qd6 28. Qf6 Ned4 29.
Qg5 Ne6 30. Qf6 Ned4 31. Qg5 f6 32. Qh6 Qe7 33. h5 Qg7 34. Qf4 g5 35. Qg3 Rfe8 36. h6 Qf7 37. f4 Kh8 38. fxg5 Rg8 39. g6 Rxg6 40. Bxg6 Qxg6 41. Qxg6 hxg6 42. Rhd1 f5 43. Kb1 c5 44. a4 1-0

[Event "*** SCC Grand Prix: Titled Tuesday Blitz"]
[Site "Chess.com"]
[Date "2020.06.09"]
[Round "10"]
[White "XiaoKangZhong"]
[Black "Skatchkov_V"]
[Result "1-0"]
[WhiteElo "2412"]
[BlackElo "2528"]
[TimeControl "180+1"]
[EndTime "10:58:29 PDT"]
[Termination "XiaoKangZhong won by resignation"]

1. e4 e5 2. Nf3 d5 3. Nxe5 Bd6 4. d4 dxe4 5. Bc4 Bxe5 6. dxe5 Qxd1+ 7. Kxd1 Nc6 8. Bf4 Nge7 9. Nc3 Bf5 10. Bg3 Ng6 11.
Bb5 O-O-O+ 12. Ke2 Nd4+ 13. Kf1 Nxc2 14. Rc1 e3 15. f3 c6 16. Be2 Rhe8 17. Ne4 Bxe4 18. fxe4 Nd4 19. Bg4+ Kb8 20. Re1 Nxe5 21. Rxe3 Ka8 22.
Bxe5 Rxe5 23. Kf2 Rde8 24. Bf3 f5 25. Rd1 c5 26. b4 fxe4 27. bxc5 Nc6 28. Be2 Rxc5 29.
Rd7 Rf8+ 30. Kg3 Rg5+ 31. Kh3 Re8 32. g4 h6 33. Kg3 Rg6 34. h4 Nb8 35. Rc7 Nc6 36.
Bb5 Kb8 37. Rf7 a6 38. Bxc6 Rxc6 39. Rxg7 Rc2 40. Rg6 Rxa2 41. Rxh6 a5 42. Rb6 a4 43. h5 a3 44. Rbb3 Rf2 45. Rxa3 Ref8 46. Rxe4 Rf1 47. Kh4 Rg8 48. Rh3 Rf6 49. Rb4 b6 50. Rg3 Kb7 51.
g5 Rf1 52. h6 Re8 53. Kh5 Rh1+ 54. Rh4 Rd1 55. g6 Rd5+ 56. Rg5 Ree5 57. Rg4 Rc5 58. g7 Rxg5+ 59. Rxg5 1-0

[Event "*** SCC Grand Prix: Titled Tuesday Blitz"]
[Site "Chess.com"]
[Date "2020.06.09"]
[Round "10"]
[White "serhanberat_ozdemir"]
[Black "BlackBoarder"]
[Result "1/2-1/2"]
[WhiteElo "2487"]
[BlackElo "2648"]
[TimeControl "180+1"]
[EndTime "10:58:31 PDT"]
[Termination "Game drawn - insufficient material"]

1. e4 e6 2. d4 d5 3. Nd2 c5 4. Ngf3 cxd4 5. Nxd4 Nf6 6. exd5 Nxd5 7. N2f3 Bb4+ 8. c3 Nxc3 9. bxc3 Bxc3+ 10. Bd2 Bxd4 11.
Nxd4 Qxd4 12. Rc1 O-O 13. Be2 Nc6 14. O-O Rd8 15. Be3 Qxd1 16. Rfxd1 Bd7 17. h4 Be8 18. h5 f6 19. Kf1 Kf7 20. f4 Rac8 21. Rxd8 Rxd8 22.
Bf3 a6 23. Rc3 Rd7 24. Bxc6 bxc6 25. Ra3 Rd1+ 26. Kf2 Rh1 27. g4 f5 28. Kg2 Rh4 29.
gxf5 exf5 30. Rxa6 Rxh5 31. a4 Rh6 32. a5 Re6 33.
Ra7+ Re7 34. a6 Rxa7 35. Bxa7 Bd7 36. Bc5 Bc8 37. a7 Bb7 38. Kg3 Ke6 39. Kh4 Kd5 40.
Bf8 g6 41. Kg5 c5 42. Kh6 c4 43. Kxh7 c3 44. Kxg6 Ke4 45. Bb4 c2 46. Bd2 Ba8 47.
Bc1 Bb7 48. Kf6 Ba8 49. Ke6 Bb7 50. Kd6 Kd3 51. Ke5 Be4 52. Kf6 Kc4 53. Ke5 Kb3 54.
Kd6 Ka2 55. Be3 Kb1 56. Ke5 c1=Q 57. Bxc1 Kxc1 58. a8=Q Bxa8 59. Kxf5 Kd2 60. Ke6 Bc6 61. f5 Be8 62. Ke7 Bh5 63. Kf6 Ke3 64. Kg5 Be8 65.
f6 Ke4 66. Kh6 Kf5 67. Kg7 Bh5 68. Kf8 Kxf6 1/2-1/2

[Event "*** SCC Grand Prix: Titled Tuesday Blitz"]
[Site "Chess.com"]
[Date "2020.06.09"]
[Round "10"]
[White "The_Machine04"]
[Black "AungTZ"]
[Result "1/2-1/2"]
[WhiteElo "2269"]
[BlackElo "2123"]
[TimeControl "180+1"]
[EndTime "10:58:31 PDT"]
[Termination "Game drawn by stalemate"]

1. d4 Nf6 2. Bg5 Ne4 3. Bf4 d5 4. e3 e6 5. Bd3 Be7 6. Bxe4 dxe4 7. Nc3 f5 8. Nge2 O-O 9. Qd2 Nd7 10. O-O-O Nb6 11. d5 exd5 12. Nxd5 Nxd5 13. Qxd5+ Qxd5 14. Rxd5 Be6 15. Re5 Kf7 16. Nd4 Bc8 17. Nxf5 Bf6 18. Rc5 Bxf5 19. Rxf5 c6 20. Rd1 Rad8 21. Rxd8 Rxd8 22.
Bg5 Kg6 23. Bxf6 gxf6 24. Rf4 Re8 25. Kd2 Re5 26. f3 exf3 27. gxf3 Rh5 28. h4 Ra5 29. a4 Rd5+ 30. Ke2 Rc5 31. c4 b5 32. axb5 cxb5 33.
cxb5 Rxb5 34. b4 f5 35. Kf2 a5 36. bxa5 Rxa5 37. Kg3 Ra3 38. h5+ Kg5 39. Kf2 Ra2+ 40. Kg3 Ra3 41. e4 fxe4 42. Rxe4 Kxh5 43. Kf4 Ra5 44.
Re5+ Rxe5 45. Kxe5 Kg6 46. Ke6 Kg7 47. Ke7 Kg6 48. Ke6 Kg7 49. f4 Kf8 50. Kf6 h5 51.
Kg5 h4 52. Kxh4 Kf7 53. Kg5 Kg7 54. f5 Kf7 55. f6 Kf8 56. Kg6 Kg8 57. f7+ Kf8 58.
Kf6 1/2-1/2

[Event "*** SCC Grand Prix: Titled Tuesday Blitz"]
[Site "Chess.com"]
[Date "2020.06.09"]
[Round "10"]
[White "Leonid_Starozhilov"]
[Black "Arkady_Gitelson"]
[Result "1-0"]
[WhiteElo "2712"]
[BlackElo "2541"]
[TimeControl "180+1"]
[EndTime "10:58:33 PDT"]
[Termination "Leonid_Starozhilov won on time"]

1. e4 c5 2. Nf3 Nc6 3. Bb5 e6 4. O-O Nge7 5. Re1 Nd4 6. Nxd4 cxd4 7. c3 Nc6 8. d3 a6 9. Bxc6 dxc6 10. cxd4 Qxd4 11.
Nc3 Be7 12. Be3 Qd8 13. e5 O-O 14. d4 f6 15. Qb3 fxe5 16. dxe5 Qc7 17. Bb6 Qd7 18.
Rad1 Qe8 19. Ne4 a5 20. Bc5 Bxc5 21. Nxc5 b5 22. Ne4 Qe7 23. Qc3 Bd7 24. Qc5 Qf7 25.
f3 Be8 26. Rd6 Qf5 27. Ng3 Qg6 28. Rd4 h5 29. Qe7 c5 30. Qxc5 Ra6 31. Qc1 Bc6 32. Qe3 Bd5 33. a3 Rc6 34. Red1 Rc2 35. R4d2 Rfc8 36. Ne4 h4 37. Kf2 h3 38. g3 Rxd2+ 39. Rxd2 Rc1 40. Qg5 Bxe4 41. Qd8+ Kh7 42. Qh4+ Kg8 43.
Qxe4 Qxe4 44. fxe4 Rh1 45. Kf3 Rf1+ 46. Kg4 Re1 47.
Rd6 Re2 48. Kxh3 Rxb2 49. Rxe6 Re2 50. Rb6 Rxe4 51. Rxb5 a4 52. Kg2 Kf7 53. Kf3 Re1 54. Ra5 Rf1+ 55. Kg2 Re1 56. Rxa4 Re2+ 57. Kh3 1-0

[Event "*** SCC Grand Prix: Titled Tuesday Blitz"]
[Site "Chess.com"]
[Date "2020.06.09"]
[Round "10"]
[White "Alopekos"]
[Black "QuintilianoR"]
[Result "1/2-1/2"]
[WhiteElo "2513"]
[BlackElo "2649"]
[TimeControl "180+1"]
[EndTime "10:58:33 PDT"]
[Termination "Game drawn by repetition"]

1. e4 c5 2. Nc3 Nc6 3. Nge2 g6 4. d4 cxd4 5. Nxd4 Bg7 6. Nxc6 bxc6 7. Bc4 Qc7 8. Qf3 Nf6 9. Bf4 d6 10. O-O O-O 11.
h3 Rb8 12. Rfe1 Nd7 13. Bb3 a5 14. Qg3 Rb4 15. Rad1 Ne5 16. Bg5 Ba6 17. Qh4 Re8 18. Kh1 Nc4 19. Bc1 Bf6 20. Qg3 Rbb8 21. f4 Bg7 22. f5 Ne5 23. fxg6 hxg6 24. Bf4 Bc4 25. Rf1 e6 26. Bxc4 Nxc4 27. b3 Ne5 28. Qf2 Red8 29. Ne2 Rb4 30. c4 a4 31. Bg5 Rd7 32. Bd2 Rb8 33.
Nd4 axb3 34. axb3 Qb6 35. Bc3 Rbd8 36. Qe2 Qb7 37. Rb1 Rc8 38. Nf3 Nxf3 39. Qxf3 e5 40. Bd2 d5 41. exd5 cxd5 42. cxd5 Qxd5 43. Qxd5 Rxd5 44.
Be3 f5 45. b4 Rb5 46. Bc5 Bf8 47. Bxf8 Kxf8 48. g3 e4 49. Kg2 Rc4 50. g4 Kf7 51. gxf5 gxf5 52. Kg3 Kf6 53. Kf4 Rcxb4 54. Rxb4 Rxb4 55. Ra1 Rb5 56. Ra6+ Kg7 57. h4 Kh7 58. Rf6 Rd5 59. h5 Kg7 60. Rg6+ Kh7 61. Rf6 Rb5 62. Rg6 Ra5 63. Re6 Rd5 64. Rf6 1/2-1/2